 Dungeon Crawl Stone Soup version 0.31.0-32-g396128a36d (webtiles) character file.

Game seed: 11311000974830970596

109 Peloso the Trooper (level 4, 0/41 HPs)
             Began as a Minotaur Fighter on Mar 27, 2024.
             Killed from afar by an orc wizard (7 damage)
             ... with a puff of flame
             ... on level 3 of the Dungeon.
             The game lasted 00:04:19 (1395 turns).

Peloso the Trooper (Minotaur Fighter)               Turns: 1395, Time: 00:04:21

Health: 0/41       AC: 10    Str: 18 (20) XL:     4   Next: 59%
Magic:  3/3        EV:  7    Int:  4 (5)  God:
Gold:   127        SH:  0    Dex: 11 (12) Spells: 3/3 levels left

rFire   . . .        a - +1 long sword
rCold   . . .        d - +0 buckler
rNeg    . . .        c - +0 chain mail
rPois   .            (helmet restricted)
rElec   .            (no cloak)
rCorr   .            j - +0 pair of gloves
SInv    .            (no boots)
Will    +....        (no amulet) Stlth
                     (no ring)
HPRegen 0.26/turn    (no ring)
MPRegen 0.08/turn

%: no passive effects
@: confused, enlightened, flying
A: horns 2, retaliatory headbutt
a: no special abilities


You were on level 3 of the Dungeon.
You visited 1 branch of the dungeon, and saw 3 of its levels.

You collected 127 gold pieces.

Inventory:

Hand Weapons
 a - a +1 long sword (weapon)
Armour
 b - a +0 scale mail
 c - a +0 chain mail (worn)
 d - a +0 buckler (worn)
 j - a +0 pair of gloves (worn)
Jewellery
 n - a ring of willpower
Scrolls
 h - 2 scrolls of revelation
 r - a scroll of fog
Potions
 e - a potion of haste
 g - a potion of brilliance
 i - a potion of might
 o - a potion of ambrosia {unknown}
 p - 2 potions of enlightenment
 q - a potion of curing {unknown}


   Skills:
 + Level 4.5 Fighting
 + Level 4.3 Long Blades
 + Level 4.2 Armour
 + Level 4.1 Shields


You had 3 spell levels left.
You didn't know any spells.
Your spell library was empty.

Dungeon Overview and Level Annotations

Branches:
Dungeon (3/15)

Altars:


Innate Abilities, Weirdness & Mutations

You have a pair of horns on your head.
You reflexively headbutt those who attack you in melee.


Message History

The kobold hits you but does no damage. Something hits you but does no damage.
Your Long Blades skill increases to level 4!
You miss something.
You feel sick. The kobold hits you but does no damage.
Something hits you but does no damage. The kobold hits you but does no damage.
You barely miss something. You headbutt something.
You feel sick. You block the kobold's attack.
You hear some strange, mumbled words.
A magic dart appears from out of thin air!
The magic dart hits you! The kobold hits you but does no damage.
You hit something. Your headbutt misses something.
You feel sick. The kobold hits you but does no damage. Something hits you.
* * * LOW HITPOINT WARNING * * *
You miss something.
You feel sick. The kobold closely misses you.
The goblin hits you but does no damage. Something hits you but does no damage.
You block the kobold's attack. The goblin barely misses you.
You furiously retaliate!
You headbutt the goblin!
You kill the goblin!
You hit something. Your headbutt misses something.
You feel sick.
You hear some strange, mumbled words.
You are confused.
The kobold hits you but does no damage.
The kobold hits you with a +1 dagger of speed.
* * * LOW HITPOINT WARNING * * *
Something hits you but does no damage.
It was a potion of degeneration.
There was something very wrong with that liquid.
You feel weakened.
You feel dopey.
You feel clumsy.
You feel sick.
You are no longer poisoned.
The kobold barely misses you.
You hear some strange, mumbled words.
You are more confused.
The kobold hits you but does no damage.
It was a potion of enlightenment.
You feel very buoyant.
You fly up into the air.
The kobold hits you but does no damage.
You hear some strange, mumbled words.
A puff of flame appears from out of thin air!
The puff of flame hits you!
You die...

#. . #. #..
#.##########
..##...)@.....##
#......K){.....##
.........)<.....#
.....).$.)......#
................#
.#..............#
#.....<...(....#
...............##
..............##


You could see a kobold.

Vanquished Creatures
  An orc priest (D:3)
  2 adders (D:2)
  2 ribbon worms (D:2)
  2 orcs (D:3)
  A bat (D:2)
  6 endoplasms
  3 giant cockroaches (D:2)
  4 goblins
  4 hobgoblins (D:2)
  6 jackals
  2 quokkas
  4 ball pythons
  3 frilled lizards
  5 kobolds
  3 rats
48 creatures vanquished.

Notes
Turn   | Place    | Note
-------+----------+-------------------------------------------
     0 | D:1      | Peloso the Minotaur Fighter began the quest for the Orb.
     0 | D:1      | Reached XP level 1. HP: 19/19 MP: 0/0
   273 | D:1      | Reached XP level 2. HP: 27/27 MP: 1/1
   829 | D:2      | Reached XP level 3. HP: 30/33 MP: 2/2
  1168 | D:2      | Reached XP level 4. HP: 40/41 MP: 3/3
  1395 | D:3      | Killed from afar by an orc wizard

Illustrated notes

Levels and vault maps discovered:
D:1:      dpeg_arrival_refuge, layout_basic
D:2:      layout_rooms, minmay_quadrilaterals
D:3:      layout_rooms, mainiacjoe_overflow_alcove_2, uniq_grinder

Skill      XL: |  1  2  3  4 |
---------------+-------------+-----
Armour         | 4 |  4.2
Fighting       | 4 |  4.5
Long Blades    | 3 4 |  4.3
Shields        | 4 |  4.1

Action                     |  1- 3 |  4- 6 || total
---------------------------+-------+-------++-------
  Melee: Long sword        |    96 |    18 ||   114
         Headbutt          |    13 |     3 ||    16
    Use: Scroll            |     4 |     3 ||     7
         Potion            |     3 |     2 ||     5
 Armour: Chain mail        |    76 |    29 ||   105
         Scale mail        |     2 |       ||     2
  Dodge: Dodged            |    39 |     7 ||    46
  Block: Buckler           |    21 |     5 ||    26
